 Dungeon Crawl Stone Soup version 0.19.5 (webtiles) character file.

5187 Azzok the Archer (level 10, 0/88 HPs)
             Began as a Centaur Fighter on June 3, 2017.
             Was a High Priest of Okawaru.
             Slain by a killer bee (4 damage)
             ... on level 7 of the Dungeon.
             The game lasted 00:20:15 (9746 turns).

Azzok the Archer (Centaur Fighter)                  Turns: 9746, Time: 00:20:16

Health: 0/88       AC: 11    Str: 23    XL:     10   Next: 34%
Magic:  17/17      EV:  0    Int:  7    God:    Okawaru [*****.]
Gold:   441        SH:  9    Dex: 11    Spells: 0 memorised, 9 levels left

rFire  + + +     SeeInvis +     b - +2 trident of Foolhardiness {flame, rElec rF+ Dex+3}
rCold  + . .     Gourm    .     p - +0 gold dragon scales
rNeg   . . .     Faith    +     c - +0 shield
rPois  +         Spirit   .     g - +1 hat
rElec  +         Reflect  .     (no cloak)
rCorr  .         Harm     .     (no gloves)
MR     .....                    (no barding)
Stlth  ..........               I - amulet of faith
                                G - ring of protection from fire
                                z - ring of see invisible

@: lethally poisoned (0 -> -5), about to teleport, very quick
A: hooves 3, deformed body, speed 2, tough skin 3
a: Heroism, Finesse, Renounce Religion


You were on level 7 of the Dungeon.
You worshipped Okawaru.
Okawaru was extremely pleased with you.
You were not hungry.

You visited 2 branches of the dungeon, and saw 10 of its levels.
You also visited: Sewer.

You collected 441 gold pieces.

Inventory:

Hand Weapons
 a - a +0 shortbow
 b - the +2 trident of Foolhardiness (weapon) {flame, rElec rF+ Dex+3}
   (You found it on level 8 of the Dungeon)

   It has been specially enchanted to burn those struck by it, causing extra
   injury to most foes and up to half again as much damage against particularly
   susceptible opponents.
   It affects your dexterity (+3).
   It protects you from fire.
   It insulates you from electricity.
Missiles
 F - 166 arrows
Armour
 c - a +0 shield (worn)
 g - a +1 hat (worn)
 p - +0 gold dragon scales (worn)
Jewellery
 x - an uncursed ring of resist corrosion
 y - an uncursed ring of positive energy
 z - a ring of see invisible (left hand)
 G - a ring of protection from fire (right hand)
 I - an amulet of faith (around neck)
Wands
 d - a wand of slowing (27/48)
 B - a wand of digging (8/24)
 K - a wand of confusion (13/48)
 M - a wand of slowing (30/48)
Scrolls
 e - 2 scrolls of random uselessness {unknown}
 i - 3 scrolls of teleportation
 k - 3 scrolls of remove curse
 l - a scroll of magic mapping {unknown}
 m - 3 scrolls of enchant weapon {unknown}
 n - 3 scrolls of noise {unknown}
 q - 3 scrolls of identify
 v - a scroll of fear {unknown}
 D - 2 scrolls of immolation {unknown}
 L - a scroll of brand weapon {unknown}
 O - a scroll of enchant armour {unknown}
Potions
 h - 3 potions of agility
 j - 2 potions of berserk rage {unknown}
 t - 11 potions of curing {unknown}
 u - 5 potions of heal wounds {unknown}
 C - 2 potions of degeneration {unknown}
 E - a potion of mutation {unknown}
 H - a potion of cancellation {unknown}
 J - 3 potions of haste {unknown}
 N - a potion of brilliance {unknown}
Comestibles
 f - 5 bread rations {@e1}
 o - 7 fruits
 s - a beef jerky
 w - 2 slices of pizza
 A - 2 meat rations {@e2}


   Skills:
 - Level 8.0 Fighting
   Level 1.7 Long Blades
 + Level 11.8 Bows
 - Level 2.1 Armour
 - Level 2.1 Shields
 + Level 10.5 Invocations


You had 9 spell levels left.
You didn't know any spells.

Dungeon Overview and Level Annotations

Branches:
Dungeon (9/15)             Temple (1/1) D:4
   Lair: D:8-11         Orc: D:9-12

Altars:
Gozag
Okawaru
Sif Muna
Trog
Xom

Annotations:
D:3 Trampli's ghost, amateur OgBe


Innate Abilities, Weirdness & Mutations

You have hooves in place of feet.
Armour fits poorly on your strangely shaped body.
You cover ground very quickly.
You have extremely tough skin. (AC +3)


Message History

The killer bee poisons you!
You take 6 damage, and have 8/88 hp.
* * * LOW HITPOINT WARNING * * *
You feel sick.
There is a stone staircase leading up here.
You take 1 damage, and have 7/88 hp.
* * * LOW HITPOINT WARNING * * *
You feel sick.
The killer bee stings you but does no damage.
You block the killer bee's attack.
You climb upwards.
* * * LOW HITPOINT WARNING * * *
You feel sick.
There is a stone staircase leading down here.
You take 2 damage, and have 5/88 hp.
As you read the scroll of teleportation, it crumbles to dust.
You feel strangely unstable.
* * * LOW HITPOINT WARNING * * *
You feel sick. You block the killer bee's attack. The killer bee stings you.
You die...

··▒·▒▒▒ ▒·▒▒▒··▒▒··▒▒·▒
▒··▒▒▒· ····▒
▒··▒▒··▒▒▒·▒▒·▒▒▒▒·····▒
····▒▒ ▒▒·▒▒·▒▒
▒········▒)···▒ ·····▒
▒·▒··▒ ▒▒▒▒···▒·▒····▒
·····▒▒ ▒·▒··▒
▒▒▒·········
▒▒····▒▒▒▒▒····▒
▒▒▒▒▒··>··
▒····[·········▒▒▒ ▒····▒
▒·▒▒<··▒▒▒▒▒·····▒ ▒▒▒▒▒▒▒
▒····▒
··▒▒···········▒@▒▒▒·····▒
▒····▒
▒▒▒▒▒·▒▒········y········▒
▒····▒
▒··········▒▒·▒······▒
▒▒▒▒▒▒
▒▒▒·▒▒▒▒·▒·▒▒··▒·····▒
▒·▒▒▒··▒·▒▒▒·······▒
▒··▒▒·▒▒·▒ ▒▒▒·····▒
▒▒····▒▒·▒ ▒·····▒
▒▒▒▒▒▒▒·▒ ▒·····▒ ▒▒▒
▒·····▒


You could see a killer bee.

Vanquished Creatures
  A hydra (D:7)
  Pikel (D:6)
  A cyclops (D:7)
  The ghost of Azzok the Fighter, a novice CeBe of Trog (D:5)
  A queen bee (D:8)
  A hippogriff (D:7)
  Prince Ribbit (D:7)
  A yak (D:7)
  Duvessa (D:7)
  An orc warrior (D:7)
  A sky beast (D:5)
  An ice beast (D:7)
  An ogre (D:4)
  A phantom (D:7)
  6 centaurs
  A big kobold (Sewer)
  3 bullfrogs (D:7)
  Dowan (D:7)
  A scorpion (D:8)
  3 killer bees (D:8)
  2 howler monkeys (D:7)
  2 crimson imps (D:5)
  A bullfrog zombie (D:7)
  7 hounds
  2 jellies
  4 orc wizards
  2 bullfrog skeletons
  An iguana (D:4)
  4 worker ants
  A hound zombie (D:6)
  A hound skeleton (D:5)
  A howler monkey skeleton (D:7)
  8 adders
  6 river rats (Sewer)
  5 shadow imps
  An ooze (D:3)
  3 worms
  6 leopard geckos
  19 orcs
  8 bats
  6 giant cockroaches
  4 goblins
  7 hobgoblins
  11 jackals
  2 quokkas
  9 ball pythons
  A ball python skeleton (D:4)
  6 frilled lizards
  21 kobolds
  A quokka zombie (D:7)
  23 rats
204 creatures vanquished.

Vanquished Creatures (others)
  A bullfrog (D:6)
  An adder (D:6)
2 creatures vanquished.

Grand Total: 206 creatures vanquished

Notes
Turn   | Place    | Note
-------+----------+-------------------------------------------
     0 | D:1      | Azzok the Centaur Fighter began the quest for the Orb.
     0 | D:1      | Reached XP level 1. HP: 19/19 MP: 1/1
   545 | D:1      | Reached XP level 2. HP: 24/26 MP: 2/2
   962 | D:2      | Reached XP level 3. HP: 33/33 MP: 3/3
  1840 | D:3      | Reached XP level 4. HP: 26/41 MP: 4/4
  1846 | D:3      | Reached skill level 5 in Fighting
  1895 | D:3      | Noticed Trampli's ghost (amateur OgBe)
  2553 | D:3      | Reached XP level 5. HP: 46/50 MP: 5/5
  2927 | D:4      | Noticed an ogre
  2944 | D:4      | Killed an ogre
  3103 | D:4      | Found a glowing drain.
  3166 | Sewer    | Entered a sewer
  3565 | Sewer    | Reached XP level 6. HP: 33/58 MP: 6/6
  4554 | D:4      | Found a staircase to the Ecumenical Temple.
  4569 | Temple   | Entered the Ecumenical Temple
  4609 | Temple   | Became a worshipper of Warmaster Okawaru
  4751 | D:4      | Reached XP level 7. HP: 67/68 MP: 7/7
  4946 | D:5      | Entered Level 5 of the Dungeon
  4962 | D:5      | Reached skill level 1 in Invocations
  5125 | D:5      | Reached skill level 2 in Bows
  5326 | D:5      | Reached skill level 3 in Bows
  5330 | D:5      | Reached * piety under Okawaru
  5425 | D:5      | Noticed Azzok's ghost (novice CeBe)
  5482 | D:5      | Killed Azzok's ghost
  5482 | D:5      | Reached ** piety under Okawaru
  5482 | D:5      | Reached skill level 5 in Bows
  5482 | D:5      | Reached skill level 5 in Invocations
  5482 | D:5      | Reached XP level 8. HP: 50/74 MP: 10/12
  5728 | D:5      | Reached skill level 6 in Bows
  5901 | D:5      | Found a bloodstained altar of Trog.
  6387 | D:6      | Noticed Pikel
  6418 | D:6      | Killed Pikel
  6418 | D:6      | Reached *** piety under Okawaru
  6418 | D:6      | Received a gift from Okawaru
  6418 | D:6      | Reached skill level 7 in Bows
  6418 | D:6      | Reached XP level 9. HP: 39/81 MP: 12/14
  6708 | D:6      | Reached skill level 8 in Bows
  6857 | D:6      | You fall through a shaft for 3 floors!
  6866 | D:8      | Got an ichor-stained trident
  6867 | D:8      | Identified the cursed +2 trident of Foolhardiness {flame, rElec rF+ Dex+3} (You found it on level 8 of the Dungeon)
  7296 | D:7      | Reached skill level 9 in Bows
  7556 | D:7      | Noticed Prince Ribbit
  7557 | D:7      | Reached **** piety under Okawaru
  7576 | D:7      | Killed Prince Ribbit
  7677 | D:7      | Noticed Duvessa
  7689 | D:7      | Noticed Dowan
  7719 | D:7      | Killed Duvessa
  7719 | D:7      | Reached skill level 10 in Bows
  7736 | D:7      | Killed Dowan
  7987 | D:7      | Found an opulent altar of Gozag.
  7990 | D:7      | Noticed a cyclops
  8000 | D:7      | Killed a cyclops
  8000 | D:7      | Reached ***** piety under Okawaru
  8000 | D:7      | Received a gift from Okawaru
  8173 | D:7      | Noticed a six-headed hydra
  8996 | D:7      | Killed a six-headed hydra
  8996 | D:7      | Reached skill level 11 in Bows
  8996 | D:7      | Reached skill level 10 in Invocations
  8996 | D:7      | Reached XP level 10. HP: 88/88 MP: 15/17
  9651 | D:7      | Received a gift from Okawaru
  9746 | D:7      | HP: 4/88 [poisoned by a killer bee]
  9746 | D:7      | Slain by a killer bee

Skill      XL: |  1  2  3  4  5  6  7  8  9 |
---------------+----------------------------+-----
Fighting       | 4 5 6 8 |  8.0
Invocations    | 5 7 10 | 10.5
Bows           | 5 7 11 | 11.8
Long Blades    | |  1.7
Armour         | |  2.1
Shields        | |  2.1

Action                   |  1- 3 |  4- 6 |  7- 9 | 10-12 || total
-------------------------+-------+-------+-------+-------++-------
Melee: Long sword        |   167 |   343 |   210 |       ||   720
       Kick              |    21 |    78 |   114 |    22 ||   235
       Trident           |       |       |   141 |    88 ||   229
 Fire: Shortbow          |       |       |    39 |    10 ||    49
Invok: Heroism           |       |       |     5 |     2 ||     7
Evoke: Wand              |       |       |       |     9 ||     9
  Use: Potion            |       |     1 |     3 |       ||     4
       Scroll            |       |       |     4 |     1 ||     5
 Stab: Confused          |       |       |       |     2 ||     2
  Eat: Chunk             |     2 |     9 |    11 |     3 ||    25
       Fruit             |       |       |     1 |       ||     1
Armor: Plate armour      |   150 |    29 |       |       ||   179
       Scale mail        |     9 |       |       |       ||     9
       Gold dragon scale |       |   302 |   274 |    58 ||   634
Dodge: Dodged            |    18 |    17 |    13 |     6 ||    54
Block: Shield            |    86 |   187 |   158 |    57 ||   488
       Rpst.: Long sword |     6 |     6 |     3 |       ||    15
